 Dungeon Crawl Stone Soup version 0.21-a0-426-g98080a9 (webtiles) character file.

23 EazyBreezy the Skirmisher (level 2, -2/25 HPs)
             Began as a Demonspawn Abyssal Knight on Nov 7, 2017.
             Was a Follower of Lugonu.
             Slain by a hobgoblin
             ... wielding a +0 club
              (4 damage)
             ... on level 1 of the Dungeon.
             The game lasted 00:00:50 (168 turns).

EazyBreezy the Skirmisher (DsAK)                     Turns: 168, Time: 00:00:51

Health: -2/25      AC:  3    Str: 12    XL:     2   Next: 75%
Magic:  3/3        EV: 11    Int: 13    God:    Lugonu [*.....]
Gold:   11         SH:  0    Dex: 12    Spells: 1/1 levels left

rFire    . . .     SeeInvis .   a - +1 falchion
rCold    . . .     Gourm    .   (no shield)
rNeg     . . .     Faith    .   b - +0 leather armour
rPois    .         Spirit   .   (no helmet)
rElec    .         Reflect  .   (no cloak)
rCorr    .         Harm     .   (no gloves)
MR       .....                  (no boots)
Stlth    +.........             (no amulet)
HPRegen  0.08/turn              (no ring)
MPRegen  0.08/turn              (no ring)

@: no status effects
A: rot immunity
a: Depart the Abyss, Renounce Religion


You were on level 1 of the Dungeon.
You worshipped Lugonu.
Lugonu was aware of your devotion.
You were not hungry.

You visited 1 branch of the dungeon, and saw 1 of its levels.
You visited the Abyss 1 time.

You collected 11 gold pieces.

Inventory:

Hand Weapons
 a - a +1 falchion (weapon)
Armour
 b - a +0 leather armour (worn)
Potions
 d - a potion of curing {unknown}
Comestibles
 c - a bread ration


   Skills:
 * Level 3.7 Fighting
 * Level 2.0 Long Blades
 * Level 1.8 Armour
 * Level 1.1 Dodging
 * Level 2.6 Invocations


You had one spell level left.
You didn't know any spells.

Dungeon Overview and Level Annotations

Branches:
Dungeon (1/15)

Altars:


Innate Abilities, Weirdness & Mutations

You are immune to rotting.


Message History

A hobgoblin comes into view. It is wielding a club.
Found a stone staircase leading down.
The hobgoblin shouts!
Found 11 gold pieces.
You see here a brown potion.
d - a brown potion The hobgoblin hits you with a club.
You closely miss the hobgoblin. The hobgoblin hits you with a club.
* * * LOW HITPOINT WARNING * * *
You hit the hobgoblin.
The hobgoblin is moderately wounded.
The hobgoblin hits you with a club.
* * * LOW HITPOINT WARNING * * *
You hit the hobgoblin.
The hobgoblin is heavily wounded.
The hobgoblin hits you but does no damage.
You hit the hobgoblin.
The hobgoblin is almost dead.
The hobgoblin hits you with a club.
You die...

#....# #.####
#.# #.# #.#
#######.####.##
#....>.........
#.####..####.#.
#......@.....#
#......g...###
##$###..##.# #
#..# .# #... #
#.## #. #.


You could see a hobgoblin.

Vanquished Creatures
  A gnoll (D:1)
  A dart slug (D:1)
  2 leopard geckos (D:1)
  A bat (D:1)
  2 goblins (D:1)
  A hobgoblin (D:1)
  A frilled lizard (D:1)
  A rat (D:1)
10 creatures vanquished.

Notes
Turn   | Place    | Note
-------+----------+-------------------------------------------
     0 | Abyss:1  | EazyBreezy the Demonspawn Abyssal Knight began the quest for the Orb.
     0 | Abyss:1  | Reached XP level 1. HP: 18/18 MP: 2/2
    35 | Abyss:1  | Noticed a worldbinder
    36 | D:1      | Escaped the Abyss
    61 | D:1      | Gained mutation: You are immune to rotting. [demonic ancestry]
    61 | D:1      | Reached XP level 2. HP: 9/25 MP: 3/3
    98 | D:1      | Reached skill level 1 in Dodging
   152 | D:1      | Reached * piety under Lugonu
   168 | D:1      | Slain by a hobgoblin

Vault maps used:
D:1:      eino_arrival_tree_alley

Skill      XL: |  1  2 |
---------------+-------+-----
Dodging        | 1 |  1.1
Long Blades    | 2 |  2.0
Fighting       | |  3.7
Armour         | |  1.8
Invocations    | |  2.6

Action                   || total
-------------------------++-------
Melee: Falchion          ||    30
Invok: Depart the Abyss  ||     1
Armor: Leather armour    ||     6
Dodge: Dodged            ||    13
       Rpst.: Falchion   ||     5

Table legend:
 A = Spawn XP
 B = Non-spawn XP
 C = Spawn XP percentage of total XP
 D = Spawn monster count
 E = Non-spawn monster count
 F = Spawn count percentage of total count
 G = Total turns spent on level
                    A         B        C        D         E        F      G
               +---------+---------+-------+---------+---------+-------+---------
         Total |       0 |      34 |   0.0 |       0 |      10 |   0.0 |   168
               +---------+---------+-------+---------+---------+-------+---------
           D:1 |       0 |      34 |   0.0 |       0 |      10 |   0.0 |   132
               +---------+---------+-------+---------+---------+-------+---------
